 Dungeon Crawl Stone Soup version 0.26-a0-597-gb535b0901c (webtiles) character file.

Game seed: 582446933251297002

21454 infidel the Grappler (level 12, -7/115 HPs)
             Began as a Troll Transmuter on Aug 31, 2020.
             Was the Champion of Qazlal.
             Mangled by a phantasmal warrior (24 damage)
             ... led by a death knight
             ... on level 12 of the Dungeon.
             The game lasted 00:28:25 (11509 turns).

infidel the Grappler (Troll Transmuter)            Turns: 11509, Time: 00:28:26

Health: -7/115     AC: 13    Str: 24    XL:     12   Next: 54%
Magic:  17/17      EV:  9    Int: 10    God:    Qazlal [******]
Gold:   889        SH: 19    Dex: 10    Spells: 14/19 levels left

rFire    . . .     SeeInvis .     - Unarmed
rCold    . . .     Faith    +   n - +0 kite shield
rNeg     . . .     Spirit   .   H - +0 troll leather armour
rPois    .         Reflect  .   g - +0 hat
rElec    .         Harm     .   r - +0 cloak
rCorr    .                      (gloves unavailable)
MR       +....                  (boots unavailable)
Stlth    +.........             j - amulet of faith
HPRegen  1.09/turn              o - ring of protection from magic
MPRegen  0.15/turn              F - +4 ring of protection

@: wereblooded (expiring), repel missiles
A: large, unfitting armour, claws 3, regeneration 1, shaggy fur 1, tough skin 3
a: Upheaval, Elemental Force, Disaster Area, Renounce Religion


You were on level 12 of the Dungeon.
You worshipped Qazlal.
Qazlal was exalted by your worship.
You visited 1 branch of the dungeon, and saw 13 of its levels.

You collected 889 gold pieces.

Inventory:

Hand Weapons
 K - a +0 scimitar of flaming
Missiles
 m - 13 poisoned darts (quivered)
 D - a throwing net
 Q - 5 javelins
Armour
 g - a +0 hat (worn)
 n - a +0 kite shield (worn)
 r - a +0 cloak (worn)
 H - a +0 troll leather armour (worn)
 L - a +2 robe of fire resistance
Jewellery
 a - an uncursed ring of resist corrosion {unknown}
 j - an amulet of faith (around neck)
 o - a ring of protection from magic (left claw)
 B - an uncursed ring of protection from cold
 F - a +4 ring of protection (right claw)
 G - an uncursed ring of positive energy
 T - an uncursed ring of protection from fire
Wands
 p - a wand of polymorph (19)
 x - a wand of random effects (23)
 E - a wand of digging (19)
 J - a wand of disintegration (10)
 R - a wand of flame (6)
 U - a wand of enslavement (9)
 V - a wand of iceblast (6)
Scrolls
 c - 9 scrolls of remove curse
 f - a scroll of magic mapping
 h - 5 scrolls of teleportation
 i - 4 scrolls of blinking
 k - 3 scrolls of immolation
Potions
 d - a potion of haste
 e - 2 potions of invisibility
 l - 8 potions of curing
 q - 2 potions of lignification
 s - 4 potions of resistance
 t - a potion of magic
 u - 7 potions of flight
 w - 3 potions of heal wounds
 z - a potion of berserk rage
 C - 2 potions of cancellation
Miscellaneous
 M - a phantom mirror


   Skills:
 * Level 6.4 Fighting
 + Level 1.0 Throwing
 * Level 4.0 Armour
 - Level 1.5 Dodging
 - Level 9.0 Shields
 + Level 11.9 Unarmed Combat
 * Level 4.0 Spellcasting
 * Level 3.9 Translocations
 * Level 4.8 Transmutations
 * Level 3.1 Invocations


You had 14 spell levels left.
You knew the following spells:

 Your Spells              Type           Power        Failure   Level
a - Beastly Appendage     Tmut           ##....       4%          1
b - Blink                 Tloc           N/A          9%          2
c - Wereblood             Tmut           ##......     6%          2

Your spell library contained the following spells:

 Spells                   Type           Power        Failure   Level
 Apportation              Tloc           ##....       5%          1
 Gell's Gravitas          Tloc           ##........   16%         3
 Lesser Beckoning         Tloc           ##........   16%         3
 Freeze                   Ice            #...         28%         1
 Magic Dart               Conj           #...         28%         1
 Spider Form              Tmut/Pois      #.........   32%         3
 Call Imp                 Summ           #.......     38%         2
 Poisonous Vapours        Pois/Air       #.....       38%         2
 Searing Ray              Conj           #.....       38%         2
 Slow                     Hex            #.......     38%         2
 Confusing Touch          Hex            #.......     63%         3
 Conjure Flame            Conj/Fire      #.......     63%         3
 Dazzling Flash           Conj/Hex       #.....       63%         3
 Frozen Ramparts          Ice            #.....       63%         3
 Mephitic Cloud           Conj/Pois/Air  #.......     63%         3
 Ozocubu's Armour         Ice            #.......     63%         3
 Tukima's Dance           Hex            #.......     63%         3
 Ice Form                 Ice/Tmut       #.......     71%         4
 Petrify                  Tmut/Erth      #.......     71%         4
 Blade Hands              Tmut           ##........   73%         5
 Iskenderun's Mystic Bla  Conj/Tloc      #.......     77%         4
 Fulminant Prism          Conj/Hex       #.........   95%         4
 Hailstorm                Conj/Ice       #.......     95%         4
 Summon Ice Beast         Ice/Summ       #.......     95%         4
 Alistair's Intoxication  Tmut/Pois      #........    96%         5
 Yara's Violent Unravell  Hex/Tmut       #.........   96%         5
 Metabolic Englaciation   Hex/Ice        #.........   100%        5
 Freezing Cloud           Conj/Ice/Air   #.........   100%        6
 Invisibility             Hex            #.......     100%        6


Dungeon Overview and Level Annotations

Branches:
Dungeon (13/15)            Temple (0/1) D:4            Lair (0/6) D:9
    Orc (0/2) D:10
 Vaults: D:13-14

Altars:
Qazlal
Sif Muna

Shops:
D:4 [   D:12 [!}((

Portals:
Trove: D:12 (show abyssal rune of Zot)

Annotations:
D:2 exclusion: 2 downstairs
D:3 Sigmund
D:4 1 runed translucent door, p0werm0de's ghost, novice MiFi
D:8 exclusions: 6 lindwurms and 1 more exclusion
D:12 exclusion: 2 downstairs


Innate Abilities, Weirdness & Mutations

You are too large for most types of armour.
You have claws for hands.
Your natural rate of healing is unusually fast.
You are covered in fur. (AC +1)
You have extremely tough skin. (AC +3)


Message History

You barely miss the phantasmal warrior.
Your kick misses the phantasmal warrior.
You headbutt the phantasmal warrior, but do no damage.
The phantasmal warrior is lightly damaged.
The phantasmal warrior hits you!!
* * * LOW HITPOINT WARNING * * *
The death knight calls down the wrath of Yredelemnul upon you.
Your body is wracked with pain!
* * * LOW HITPOINT WARNING * * *
As you read the scroll of fear, it crumbles to dust.
You assume a fearsome visage.
The phantasmal warrior is unaffected.
The death knight looks frightened!
Your horns disappear.
Your talons disappear.
Your +0 hat unmelds from your body.
You feel yourself speed up.
The phantasmal warrior is struck by lightning.
You block the phantasmal warrior's attack.
The phantasmal warrior is struck by lightning.
The phantasmal warrior hits you!!
You die...

#............................
#..........................(.
#..............###########...
#.###########..# #...
#.###########..###########...
#.......................<....
#...........°☼...............
#...........§○°.......PP..###
#.........§○@.........P∩..###
#.........°W..p.......PP.....
#####################......##
########


You could see a death knight (fleeing) and a phantasmal warrior.

Vanquished Creatures
  Jorgrun (D:12)
  Erolcha (D:11)
  A vault guard (D:12)
  2 centaur warriors (D:13)
  Erica (D:8)
  2 unseen horrors
  A lindwurm (D:8)
  Pikel (D:8)
  An ugly thing (D:11)
  A cyclops (D:12)
  Joseph (D:7)
  A gargoyle (D:10)
  A freezing wraith (D:13)
  2 trolls
  Prince Ribbit (D:6)
  A slime creature (D:9)
  3 hippogriffs
  A wraith (D:12)
  A wyvern (D:9)
  13 yaks
  A soldier ant (D:11)
  Duvessa (D:7)
  7 orc warriors
  A porcupine (D:9)
  5 sky beasts
  A phantom (D:7)
  5 ice beasts
  3 black bears
  7 necrophages
  5 ogres
  16 centaurs
  A crocodile (D:9)
  7 bullfrogs
  A gnoll sergeant (D:11)
  Dowan (D:7)
  2 scorpions
  17 wights
  13 killer bees
  8 howler monkeys
  5 bullfrog zombies
  A centaur zombie (D:7)
  5 jellies
  2 quasits
  4 hounds
  2 bullfrog skeletons
  12 orc priests
  A gnoll shaman (D:6)
  Crazy Yiuf (D:3)
  Jessica (D:3)
  3 iguanas
  11 worker ants
  17 orc wizards
  3 hound zombies (D:7)
  A hound skeleton (D:11)
  3 mummies (D:7)
  Robin (D:3)
  16 gnolls
  12 adders
  3 shadow imps
  2 white imps
  2 ufetubi (D:8)
  An adder zombie (D:7)
  2 adder skeletons
  3 worms
  3 dart slugs
  7 leopard geckos
  65 orcs
  3 giant cockroaches
  13 goblins
  7 hobgoblins
  4 jackals (D:7)
  11 quokkas
  3 ball pythons
  4 bats
  6 frilled lizards
  3 kobolds (D:1)
  A leopard gecko skeleton (D:4)
  A leopard gecko zombie (D:8)
  2 quokka skeletons (D:7)
  8 rats
394 creatures vanquished.

Vanquished Creatures (others)
  An orc (D:11)
  2 fungi (D:9)
  11 plants
  2 withered plants (D:7)
16 creatures vanquished.

Grand Total: 410 creatures vanquished

Notes
Turn   | Place    | Note
-------+----------+-------------------------------------------
     0 | D:1      | infidel the Troll Transmuter began the quest for the Orb.
     0 | D:1      | Reached XP level 1. HP: 18/18 MP: 1/1
   200 | D:1      | Reached XP level 2. HP: 26/26 MP: 0/2
   840 | D:2      | Reached XP level 3. HP: 17/32 MP: 4/4
  1332 | D:2      | Reached skill level 4 in Unarmed Combat
  1493 | D:2      | Reached XP level 4. HP: 40/40 MP: 3/5
  1633 | D:2      | Found a stormy altar of Qazlal.
  1635 | D:2      | Noticed a water elemental
  1636 | D:2      | Noticed an earth elemental
  1636 | D:2      | Noticed a fire elemental
  1636 | D:2      | Noticed an air elemental
  1649 | D:2      | Became a worshipper of Qazlal Stormbringer
  1688 | D:3      | Noticed Sigmund
  1736 | D:3      | Reached skill level 1 in Fighting
  1839 | D:3      | Reached XP level 5. HP: 48/48 MP: 3/6
  2004 | D:3      | Learned a level 2 spell: Blink
  2179 | D:3      | Noticed Robin
  2199 | D:3      | Killed Robin
  2199 | D:3      | Reached * piety under Qazlal
  2557 | D:3      | Noticed Jessica
  2561 | D:3      | Killed Jessica
  2691 | D:3      | Found a runed translucent door.
  2694 | D:3      | Noticed Crazy Yiuf
  2704 | D:3      | Killed Crazy Yiuf
  2833 | D:4      | Found a staircase to the Ecumenical Temple.
  2849 | D:4      | Reached skill level 5 in Unarmed Combat
  2849 | D:4      | Reached XP level 6. HP: 55/55 MP: 8/8
  2863 | D:4      | Reached skill level 1 in Shields
  2995 | D:4      | Reached XP level 7. HP: 56/65 MP: 9/9
  3003 | D:4      | Reached ** piety under Qazlal
  3094 | D:4      | Found a runed translucent door.
  3094 | D:4      | Noticed p0werm0de's ghost (novice MiFi)
  3258 | D:4      | Found Tuchooxe's Antique Armour Emporium.
  3269 | D:5      | Entered Level 5 of the Dungeon
  3317 | D:5      | Reached skill level 6 in Unarmed Combat
  3607 | D:5      | Noticed a hippogriff
  3616 | D:5      | Killed a hippogriff
  4049 | D:6      | Reached skill level 7 in Unarmed Combat
  4052 | D:6      | Reached XP level 8. HP: 70/75 MP: 10/10
  4487 | D:6      | Noticed Prince Ribbit
  4495 | D:6      | Killed Prince Ribbit
  4677 | D:7      | Reached skill level 8 in Unarmed Combat
  4721 | D:7      | Reached *** piety under Qazlal
  5028 | D:7      | Reached XP level 9. HP: 78/84 MP: 11/11
  5124 | D:7      | Reached skill level 9 in Unarmed Combat
  5142 | D:7      | Noticed Duvessa
  5145 | D:7      | Noticed Dowan
  5155 | D:7      | Killed Duvessa
  5155 | D:7      | Reached skill level 5 in Shields
  5250 | D:7      | Killed Dowan
  5385 | D:7      | Noticed a troll
  5390 | D:7      | Noticed Joseph
  5399 | D:7      | Killed a troll
  5399 | D:7      | Reached skill level 10 in Unarmed Combat
  5417 | D:7      | Reached **** piety under Qazlal
  5422 | D:7      | Killed Joseph
  5422 | D:7      | Reached XP level 10. HP: 57/94 MP: 12/12
  6005 | D:8      | Noticed a lindwurm
  6005 | D:8      | Noticed a lindwurm
  6008 | D:8      | Noticed a lindwurm
  6009 | D:8      | Noticed a lindwurm
  6031 | D:8      | Reached skill level 1 in Translocations
  6064 | D:8      | Reached ***** piety under Qazlal
  6163 | D:8      | Noticed Erica
  6180 | D:8      | Killed Erica
  6180 | D:8      | Reached skill level 5 in Fighting
  6180 | D:8      | Reached skill level 1 in Armour
  6306 | D:8      | Found a shimmering blue altar of Sif Muna.
  6369 | D:8      | Killed a lindwurm
  6805 | D:9      | Reached skill level 1 in Throwing
  6882 | D:8      | Learned a level 2 spell: Wereblood
  6901 | D:9      | Reached XP level 11. HP: 104/104 MP: 8/13
  6913 | D:9      | Noticed Pikel
  7088 | D:8      | Killed Pikel
  7284 | D:9      | Reached skill level 11 in Unarmed Combat
  7814 | D:9      | Found a staircase to the Lair.
  7951 | D:10     | Entered Level 10 of the Dungeon
  8070 | D:10     | Reached ****** piety under Qazlal
  8684 | D:10     | Found a staircase to the Orcish Mines.
  9510 | D:11     | Killed an unseen horror
  9535 | D:11     | Noticed Erolcha
  9574 | D:11     | Killed Erolcha
  9574 | D:11     | Reached skill level 1 in Invocations
  9935 | D:11     | Noticed a cyan ugly thing
  9943 | D:11     | Killed a cyan ugly thing
 10258 | D:12     | Reached XP level 12. HP: 108/114 MP: 14/16
 10304 | D:12     | Found Boraylup's Distillery.
 10332 | D:12     | Noticed Jorgrun
 10334 | D:12     | Found Omobb's Weapon Emporium.
 10346 | D:12     | Killed Jorgrun
 10679 | D:12     | Found Cuso's Gadget Shoppe.
 10683 | D:12     | Found Qaesty's Weapon Shoppe.
 10715 | D:12     | Found a portal to a secret trove of treasure.
 10847 | D:12     | Found Zamebrov's Antique Armour Shop.
 11028 | D:13     | Noticed a centaur warrior
 11035 | D:13     | Killed a centaur warrior
 11054 | D:13     | Noticed a centaur warrior
 11071 | D:13     | Killed a centaur warrior
 11208 | D:13     | Noticed a death knight
 11374 | D:13     | Noticed a vault guard
 11376 | D:13     | Noticed a vault guard
 11378 | D:13     | Noticed a vault guard
 11379 | D:13     | Noticed a vault guard
 11380 | D:13     | Noticed a vault guard
 11382 | D:13     | Noticed a vault guard
 11383 | D:13     | Noticed a vault guard
 11392 | D:12     | Killed a vault guard
 11509 | D:12     | Mangled by a phantasmal warrior

Illustrated notes

Levels and vault maps discovered:
D:1:      mushboom_english_gardens, layout_basic
D:2:      layout_loops_ring, nicolae_qazlal_style_of_elements
D:3:      layout_loops_cross, uniq_jessica, uniq_robin, uniq_sigmund,
          uniq_crazy_yiuf_cottage
D:4:      layout_rooms, minmay_temple_entry_junction_2,
          ebering_ghost_inner_flame, serial_shops, kennysheep_little_box
D:5:      layout_basic
D:6:      layout_cave_pods, uniq_prince_ribbit1
D:7:      layout_basic, serial_undead, serial_undead_d, serial_undead_f,
          serial_undead_d, serial_undead_a, serial_undead_b, serial_undead_c,
          serial_undead_a, uniq_duvessa, uniq_joseph
D:8:      cheibrodos_two_vegetables, layout_basic, led_sif_pool,
          chequers_serial_rivers_marsh, minmay_lindwurm_lava, uniq_erica
D:9:      layout_irregular_city, grunt_lair_entry_orc_guard_hut,
          minmay_circle_x, uniq_pikel
D:10:     layout_layer_cave, hiddenorc2_lemuel
D:11:     layout_loops_ring, uniq_erolcha
D:12:     layout_long_grid, serial_shops, nicolae_shop_overgrown_old_shop,
          nicolae_shop_statue_plus, kennysheep_mini_moat,
          nicolae_shop_statue_plus, shop, enter_trove_1, uniq_jorgrun
D:13:     layout_gridville, erik_vaults_2, minmay_misc_feat_square, minivault_12

Skill      XL: |  1  2  3  4  5  6  7  8  9 10 11 12 |
---------------+-------------------------------------+-----
Unarmed Combat | 4 5 7 8 10 11 | 11.9
Transmutations | 2 3 4 |  4.8
Fighting       | 1 2 3 4 5 6 |  6.4
Spellcasting   | 2 3 4 |  4.0
Shields        | 1 2 4 6 7 8 9 |  9.0
Translocations | 2 3 |  3.9
Armour         | 2 3 4 |  4.0
Throwing       | 1 |  1.0
Invocations    | 1 3 |  3.1
Dodging        | |  1.5

Action                   |  1- 3 |  4- 6 |  7- 9 | 10-12 || total
-------------------------+-------+-------+-------+-------++-------
Melee: Unarmed           |    84 |   113 |   220 |   629 ||  1046
       Kick              |     7 |    14 |    27 |    63 ||   111
       Headbutt          |     6 |     5 |    16 |    41 ||    68
Throw: Dart              |       |       |     2 |    13 ||    15
 Cast: Beastly Appendage |    24 |    15 |    21 |    42 ||   102
       Blink             |       |       |       |     2 ||     2
       Wereblood         |       |       |       |    31 ||    31
  Use: Scroll            |       |       |       |    20 ||    20
Armor: Robe              |    36 |    47 |    61 |     5 ||   149
       Troll leather arm |       |       |       |   194 ||   194
Dodge: Dodged            |    51 |    20 |    74 |   134 ||   279
       Repelled          |       |       |       |     2 ||     2
Block: Kite shield       |       |    14 |   163 |   568 ||   745

Table legend: (Time is in decaauts)
 A = Elapsed time spent in this place.
 B = Non-inter-level travel time spent in this place.
 C = Inter-level travel time spent in this place.
 D = Time resting spent in this place.
 E = Time spent auto-exploring this place.
 F = Levels seen in this place.
 G = Mean time per level.
                   A        B        C        D        E       F      G
               +--------+--------+--------+--------+--------+-----+--------+
         Total |  11401 |  10842 |    559 |    951 |   7397 |  13 |  877.0 |
       Dungeon |  11401 |  10842 |    559 |    951 |   7397 |  13 |  877.0 |
               +--------+--------+--------+--------+--------+-----+--------+

Top non-repeatable levels by time:
    D:10: 1503 daAuts
     D:7: 1228 daAuts
     D:8: 1135 daAuts
    D:12: 1039 daAuts
     D:3: 1013 daAuts
     D:2: 965 daAuts
     D:1: 848 daAuts
     D:9: 840 daAuts
    D:11: 744 daAuts
     D:6: 740 daAuts
     D:5: 684 daAuts
     D:4: 435 daAuts
    D:13: 221 daAuts
